Map: Ruins of Seras

Players

Javert

  • Race: Zerg Zerg
  • League: Grandmaster

Pin - Winner!

  • Race: Zerg Zerg
  • League: Grandmaster

VOD

Have the link to the VOD?

Description

Time

  • Played on: July 15, 2015, 12:40 a.m.
  • Length: 5:59
Show
View Real Time Build Order
Export as new Build Order

Javert Zerg 

Build Orders: Hatch First 

Get SALT Encoding   

  12  0:01  Drone  
  13  0:14  Overlord  
  13  0:20  Drone  
  14  0:32  Drone x2  
  16  0:38  Drone  
  17  0:47  Drone  
  18  1:01  Hatchery  
  18  1:02  Drone  
  18  1:05  Extractor  
  18  1:10  Drone  
  18  1:23  Spawning Pool  
  18  1:25  Drone  
  18  1:30  Drone  
  19  1:41  Drone  
  20  1:51  Overlord  
  20  2:03  Drone  
  21  2:09  Metabolic Boost  
  21  2:11  Queen  
  21  2:13  Queen  
  25  2:17  Zergling x4  
  27  2:25  Drone x2  
  29  2:34  Drone  
  30  2:42  Drone  
  31  2:47  Baneling Nest  
  31  2:48  Drone  
  31  2:49  Drone  
  32  2:58  Drone x2  
  34  3:18  Overlord  
  33  3:27  Overlord x2  
  33  3:30  Zergling x2  
  33  3:31  Zergling x4  
  36  3:41  Zergling x8  
  36  3:42  Spine Crawler, Zergling x6  
  36  3:45  Baneling  
  36  3:47  Baneling  
  42  3:52  Baneling x4  
  42  3:57  Zergling x14  
  49  4:10  Drone x3  
  49  4:20  Drone x2  
  51  4:29  Zergling x4  
  51  4:30  Zergling x8  
  45  4:33  Zergling x2  
  45  4:34  Zergling x8  
  50  4:47  Extractor  
  45  5:13  Zergling x6  
  45  5:14  Zergling x10  
  42  5:18  Overlord x2  
  44  5:33  Baneling x4  
  44  5:36  Overlord x2  
Show
View Real Time Build Order
Export as new Build Order

Pin Zerg - Winner!

Build Orders: Pool First 

Get SALT Encoding   

  12  0:01  Drone  
  13  0:10  Drone  
  14  0:19  Overlord  
  14  0:33  Extractor  
  13  0:40  Spawning Pool  
  12  0:44  Drone x2  
  14  0:50  Drone  
  15  1:01  Drone  
  16  1:26  Hatchery  
  15  1:35  Queen  
  17  1:40  Metabolic Boost  
  17  1:48  Drone  
  17  1:53  Zergling x2  
  19  1:56  Zergling x2  
  20  2:09  Baneling Nest, Zergling x2  
  20  2:15  Zergling x2  
  21  2:20  Drone  
  22  2:32  Overlord  
  22  2:42  Drone x2  
  24  2:45  Queen  
  26  2:53  Drone x2  
  28  3:00  Drone  
  28  3:01  Drone  
  30  3:06  Drone  
  31  3:16  Zergling x6  
  34  3:31  Zergling x2  
  34  3:32  Zergling x2  
  34  3:33  Overlord x2  
  36  3:51  Zergling x14  
  43  4:08  Zergling x2  
  43  4:09  Zergling x12  
  50  4:13  Baneling  
  46  4:18  Zergling x4  
  43  4:37  Baneling x4  
  43  4:38  Baneling  
  43  4:39  Baneling  
  43  4:46  Zergling x16  
  42  5:02  Zergling x12  
  47  5:12  Zergling x2  
  47  5:13  Zergling x8  
  46  5:21  Overlord  
  46  5:31  Baneling x2  
  46  5:32  Baneling x3  
  46  5:36  Overlord  
Tags
 
Add a new tag
Caveats
  • Supply blocks, unpowered buildings, or Contaminate may cause inaccurate times.
  • Supply counts are checked every 10 seconds.